 Dungeon Crawl Stone Soup version 0.29-a0-231-g945431f764 (webtiles) character file.

Game seed: 7260337724648891102

258229 wakim the Warrior (level 19, -7/181 HPs)
             Began as a Palentonga Berserker on Feb 27, 2022.
             Was a High Priest of Trog.
             Mangled by a spark wasp (14 damage)
             ... on level 3 of the Depths on Feb 28, 2022.
             The game lasted 03:01:49 (45577 turns).

wakim the Warrior (Palentonga Berserker)           Turns: 45577, Time: 03:01:50

Health: -7/181     AC: 54    Str: 31    XL:     19   Next: 11%
Magic:  19/19      EV:  4    Int:  8    God:    Trog [*****.]
Gold:   1843       SH:  0    Dex: 13    Spells: 18/18 levels left

rFire   + + .      SeeInvis +   b - +6 quarterstaff (spect)
rCold   + + .      Faith    .   (shield currently unavailable)
rNeg    . . .      Spirit   .   o - +9 scales of the Dragon King {rPois rF+ rC+ Will+}
rPois   +          Reflect  .   j - +1 helmet of Zufaorast {rF+ Dex+4}
rElec   .          Harm     .   f - +2 cloak of the Thief {*Fog Slay-2 SInv Stlth+}
rCorr   +          Rampage  .   h - +1 pair of gloves
Will    +++..                   x - +4 barding of Munkoorr {rCorr Str+2}
Stlth   ..........              P - amulet of regeneration
HPRegen 1.20/turn               M - ring of protection from cold
MPRegen 0.16/turn               n - ring of willpower

@: invisible, curled up
A: large, rugged brown scales 3, see invisible, deformed body, roll 1, armoured
tail, reflexive curl
}: 2/15 runes: decaying, serpentine
a: Rolling Charge, Renounce Religion, Berserk, Trog's Hand, Brothers in Arms


You were on level 3 of the Depths.
You worshipped Trog.
Trog was extremely pleased with you.
You visited 6 branches of the dungeon, and saw 34 of its levels.
You also visited: Sewer and Gauntlet.

You collected 3344 gold pieces.
You spent 1501 gold pieces at shops.

Inventory:

Hand Weapons
 a - a +3 lajatang of electrocution
 b - a +6 spectral quarterstaff (weapon)
 c - a +1 longbow of flaming
Missiles
 S - 6 curare-tipped darts {=f}
 W - 3 throwing nets {=f!f}
Armour
 f - the +2 cloak of the Thief (worn) {*Fog Slay-2 SInv Stlth+}
   (You found it in a Gauntlet)

   It may release a thick cloud of smoke when the wearer is hurt.
   Slay:      It affects your accuracy & damage with ranged weapons and melee
   (-2).
   SInv:      It lets you see invisible.
   Stlth:     It makes you more stealthy.
 h - a +1 pair of gloves (worn)
 j - the +1 helmet of Zufaorast (worn) {rF+ Dex+4}
   (You found it in a Gauntlet)

   Dex:       It affects your dexterity (+4).
   rF:        It protects you from fire.
 o - the +9 scales of the Dragon King (worn) {rPois rF+ rC+ Will+}
   (You bought it in a shop on level 4 of the Dungeon)

   rF:        It protects you from fire.
   rC:        It protects you from cold.
   rPois:     It protects you from poison.
   Will:      It increases your willpower.
 x - the +4 barding of Munkoorr (worn) {rCorr Str+2}
   (You acquired it on level 6 of the Lair of Beasts)

   Str:       It affects your strength (+2).
   rCorr:     It protects you from acid and corrosion.
Jewellery
 n - a ring of willpower (right hand)
 q - a ring of flight
 s - an amulet of reflection
 z - a ring of protection from fire
 D - a +4 ring of evasion
 M - a ring of protection from cold (left hand)
 P - an amulet of regeneration (around neck)
Wands
 l - a wand of iceblast (21)
 t - a wand of digging (5)
 u - a wand of mindburst (6)
 w - a wand of acid (8)
 y - a wand of paralysis (10)
Scrolls
 k - 5 scrolls of enchant armour
 v - a scroll of enchant weapon
 Q - 3 scrolls of immolation {!r!r}
 R - a scroll of magic mapping {!r}
 T - 11 scrolls of teleportation
 U - a scroll of fear
 V - 4 scrolls of vulnerability {!r!r}
 X - 3 scrolls of fog
 Y - 3 scrolls of blinking {!r}
 Z - a scroll of silence {!r}
Potions
 A - a potion of ambrosia
 B - 2 potions of attraction {!q}
 C - 4 potions of berserk rage {!q}
 E - 3 potions of cancellation
 F - 12 potions of curing
 G - 4 potions of flight
 H - 8 potions of haste
 J - 7 potions of heal wounds
 K - 4 potions of magic
 L - 8 potions of lignification {!q}
 N - 5 potions of might
 O - 2 potions of resistance
Miscellaneous
 m - a phantom mirror


   Skills:
 * Level 20.3 Fighting
 - Level 10.4(13.0) Maces & Flails
 - Level 12.4(14.0) Staves
 + Level 10.3 Bows
 * Level 16.7 Armour
 - Level 4.1 Dodging
 - Level 2.1 Stealth
 - Level 8.0 Evocations


You had 18 spell levels left.
You didn't know any spells.
Your spell library was empty.

Dungeon Overview and Level Annotations

Branches:
Dungeon (15/15)            Temple (0/1) D:5            Lair (6/6) D:11
  Swamp (4/4) Lair:3        Snake (4/4) Lair:3        Slime (0/5) Lair:5
    Orc (2/2) D:12            Elf (0/3) Orc:2        Vaults (0/5) D:13
 Depths (2/4) D:15          Sewer (visited)         Gauntlet (visited)

Altars:
Cheibriados
Dithmenos
Kikubaaqudgha
Makhleb
Nemelex Xobeh
Okawaru
Qazlal
Ru
Sif Muna
Trog
Vehumet
Xom
Yredelemnul
Beogh
Jiyva
Lugonu

Shops:
D:4 [   D:6 =   D:12 *   D:14 !   Orc:2 ?[!!   Snake:3 =[:(

Portals:
Hell: Depths:1
Abyss: Lair:6
Ziggurat: Depths:1

Annotations:
Lair:3 Sonja
Lair:4 1 runed translucent door, Inib's ghost, journeyman TrFi
Lair:6 3 runed translucent doors, NigelTetley's ghost, journeyman DECj


Innate Abilities, Weirdness & Mutations

You are completely covered in rugged brown scales. (AC +3, +7% HP)
You have supernaturally acute eyesight. (SInv)
Armour fits poorly on your strangely shaped body.
You can roll at nearby foes to attack.
You have a long armoured tail.
You curl defensively after being hit. (AC +7*)


Message History

* * * LOW HITPOINT WARNING * * *
38/181 (-32)
You barely miss the spark wasp.
Your tail-slap misses the spark wasp.
The spark wasp is heavily wounded.
Your +6 spectral quarterstaff closely misses the spark wasp.
The wind drake bites you but does no damage.
The spark wasp stings you but does no damage. 39/181 (+1)
You feel much better.
The wind drake changes into an unseen horror!
The spark wasp barely misses you.
The spark wasp stings you but does no damage.
The spark wasp barely misses you. The spark wasp stings you.
* * * LOW HITPOINT WARNING * * *
The spark wasp shocks you!
* * * LOW HITPOINT WARNING * * *
43/181 (+4) Unknown command.
Unknown command.
Okay, then.
You feel much better.
The unseen horror hits you but does no damage.
The spark wasp stings you but does no damage.
The spark wasp stings you!
* * * LOW HITPOINT WARNING * * *
The spark wasp shocks you!
* * * LOW HITPOINT WARNING * * *
The spark wasp stings you!
* * * LOW HITPOINT WARNING * * *
The spark wasp shocks you!
* * * LOW HITPOINT WARNING * * *
The unseen horror hits you but does no damage.
The spark wasp barely misses you.
The spark wasp stings you but does no damage. x3 6/181 (-37)
As you read the scroll of fear, it crumbles to dust.
You assume a fearsome visage.
The spark wasp looks frightened! x3
The spark wasp resists with some effort.
The unseen horror looks frightened!
The spark wasp stings you!
You die...

###+#######
#......./.#
#........y#
#.......y§#
#....x..@.#
#.....(y..#
#........y#
###+#.$.###
#...# +..?+
#...# #...#
#...#


You could see 4 spark wasps and an unseen horror shaped shifter (invisible,
fleeing).

Vanquished Creatures
  Mara (Depths:1)
  Bai Suzhen (Swamp:3)
  Rupert (Lair:4)
  Mlioglotl (Swamp:1)
  Kirke (Snake:1)
  A thorn hunter (Swamp:4)
  Roxanne (D:15)
  Donald (Swamp:2)
  A fire giant (D:15)
  A nagaraja (Snake:2)
  4 frost giants
  Louise (D:15)
  Aizul (Snake:1)
  3 very ugly things (Depths:1)
  3 stone giants
  Nessos (Lair:6)
  4 eleionomae
  A minotaur (Gauntlet)
  5 bunyips
  3 ettins
  Snorg (Lair:3)
  3 fire dragons
  A shambling mangrove (Swamp:2)
  5 salamander tyrants (Snake:4)
  The ghost of Ekain06 the Basher, a journeyman MiFi of the Shining One (Lair:2)
  25 hydras
  2 rakshasas
  9 centaur warriors
  16 naga warriors
  5 vault guards (D:13)
  A boulder beetle (D:14)
  15 anacondas
  2 catoblepae
  An ice dragon (D:15)
  3 ghost crabs
  6 alligators
  An ogre mage (D:13)
  6 two-headed ogres
  4 deep troll shamans
  3 tengu warriors (D:15)
  A spriggan berserker (Depths:1)
  8 death yaks (Lair:6)
  2 thrashing horrors (Lair:6)
  A deep troll earth mage (D:15)
  9 shock serpents
  13 naga sharpshooters
  4 orc high priests (Orc:2)
  6 salamander mystics
  A death drake (Swamp:4)
  A goliath frog (Swamp:3)
  An iron troll (Depths:1)
  7 naga ritualists
  8 deep trolls
  4 spriggan druids
  8 bog bodies
  A glowing orange brain (Depths:1)
  9 swamp dragons
  A wizard (D:13)
  3 lindwurms (Snake:4)
  5 deep elf pyromancers
  A deep elf zephyrmancer (D:15)
  A mana viper (shapeshifter) (Lair:6)
  23 ugly things
  15 mana vipers
  3 manticores
  6 orc knights
  A necromancer (D:15)
  An oklob plant (Lair:5)
  4 will-o-the-wisps
  3 orc sorcerers (Orc:2)
  6 cyclopes
  8 elephants
  Maurice (D:10)
  21 salamanders
  2 moths of wrath (Lair:2)
  6 guardian serpents
  45 black mambas
  3 torpor snails
  A guardian serpent (shapeshifter) (D:12)
  18 naga magi
  8 cane toads
  2 large abominations (Lair:6)
  A centaur skeleton (D:15)
  An orange demon (D:8)
  Maggie (D:7)
  A gargoyle (D:12)
  A cane toad (shapeshifter) (D:13)
  2 smoke demons (Lair:6)
  A rime drake (Lair:5)
  4 kobold demonologists
  An unseen horror (D:11)
  A freezing wraith (D:14)
  8 komodo dragons
  A rime drake (shapeshifter) (D:14)
  A yaktaur (D:13)
  2 tengu conjurers (D:15)
  8 trolls
  2 ancient zymes (Lair:6)
  A queen bee (Gauntlet)
  A polar bear (Lair:5)
  3 meliai (Gauntlet)
  A tarantella (shapeshifter) (Lair:6)
  10 hornets
  Prince Ribbit (D:7)
  24 slime creatures
  4 tyrant leeches
  A wolf spider simulacrum (D:14)
  17 blink frogs
  A vampire (D:13)
  Sigmund (D:2)
  A shadow (D:12)
  A centaur simulacrum (D:15)
  A spriggan (shapeshifter) (D:13)
  11 spriggans
  8 water elementals
  2 wraiths
  60 yaks
  5 hogs (Snake:1)
  5 wyverns
  2 humans (D:13)
  7 basilisks
  2 chaos spawn (Lair:6)
  A steam dragon (D:7)
  8 vampire mosquitoes
  2 wargs
  Edmund (D:5)
  17 swamp worms
  36 nagas
  2 acid dragons
  33 water moccasins
  26 orc warriors
  Pargi (Sewer)
  An ice beast (D:7)
  3 sky beasts
  A black bear (D:11)
  8 swamp drakes
  8 necrophages
  6 centaurs
  An ogre (shapeshifter) (D:12)
  4 ogres
  6 wolves (Gauntlet)
  10 small abominations (Lair:6)
  Blork the orc (D:3)
  12 bullfrogs
  A kobold brigand (D:9)
  2 gnoll sergeants
  3 scorpions
  A water moccasin zombie (D:5)
  17 killer bees
  12 wights
  4 howler monkeys
  2 electric eels (D:10)
  2 lava snakes (D:13)
  2 centaur zombies
  2 jellies
  2 bullfrog zombies (D:5)
  4 hounds
  Crazy Yiuf (D:2)
  14 orc priests
  A human zombie (D:5)
  2 iguanas (D:5)
  Jessica (D:2)
  19 orc wizards
  A killer bee zombie (D:8)
  2 hound zombies (D:5)
  3 mummies
  A howler monkey zombie (D:5)
  7 gnolls
  24 adders
  3 worms
  4 dart slugs
  58 orcs
  12 ball pythons
  4 bats
  6 endoplasms
  6 giant cockroaches
  6 goblins
  5 hobgoblins
  7 jackals
  6 quokkas
  6 frilled lizards
  14 kobolds
  7 rats
  A bush (Lair:5)
1087 creatures vanquished.

Vanquished Creatures (collateral kills)
  the Lernaean hydra (Swamp:4)
  2 bog bodies (Swamp:4)
3 creatures vanquished.

Vanquished Creatures (others)
  A hornet (Swamp:4)
  A spriggan (Swamp:4)
  2 swamp worms
  A swamp drake (Swamp:4)
  An orc wizard (Orc:2)
  A bush (Lair:6)
  10 foxfires
  29 fungi
  53 plants
  3 withered plants (D:8)
102 creatures vanquished.

Grand Total: 1192 creatures vanquished

Notes
Turn   | Place    | Note
-------+----------+-------------------------------------------
     0 | D:1      | wakim the Palentonga Berserker began the quest for the Orb.
     0 | D:1      | Reached XP level 1. HP: 19/19 MP: 1/1
   173 | D:1      | Reached XP level 2. HP: 25/25 MP: 2/2
   264 | D:1      | Found a faded altar of an unknown god.
   804 | D:2      | Reached XP level 3. HP: 30/31 MP: 3/3
   986 | D:2      | Noticed Sigmund
  1127 | D:2      | Noticed Jessica
  1129 | D:2      | Killed Jessica
  1262 | D:2      | Found a runed translucent door.
  1263 | D:2      | Noticed Crazy Yiuf
  1349 | D:3      | Reached XP level 4. HP: 37/37 MP: 4/4
  1442 | D:3      | Reached ** piety under Trog
  1485 | D:3      | Found an ancient bone altar of Kikubaaqudgha.
  1633 | D:3      | !bestwep
  1902 | D:4      | Noticed Blork the orc
  1951 | D:3      | Killed Blork the orc
  1952 | D:3      | Reached skill level 4 in Fighting
  1952 | D:3      | Reached XP level 5. HP: 44/44 MP: 3/5
  2050 | D:4      | Found Degg's Armour Shoppe.
  2209 | D:4      | Found a glowing drain.
  2233 | Sewer    | Entered a sewer
  2259 | Sewer    | Noticed Pargi
  2269 | Sewer    | Killed Pargi
  2270 | Sewer    | Reached XP level 6. HP: 52/52 MP: 6/6
  2499 | D:4      | Reached *** piety under Trog
  2717 | D:4      | Found a sparkling altar of Nemelex Xobeh.
  2833 | D:5      | Entered Level 5 of the Dungeon
  2894 | D:5      | Found a staircase to the Ecumenical Temple.
  2899 | D:5      | Noticed a water moccasin
  2899 | D:5      | Noticed Edmund
  2920 | D:4      | Killed a water moccasin
  2987 | D:5      | Killed Edmund
  2988 | D:5      | Gained mutation: You curl defensively after being hit. (AC
                  | +7*) [Palentonga growth]
  2988 | D:5      | Reached XP level 7. HP: 58/58 MP: 2/7
  3001 | D:4      | !bestwep
  3040 | D:5      | Found a bloodstained altar of Trog.
  3048 | D:5      | Reached skill level 5 in Fighting
  3048 | D:5      | Reached skill level 5 in Maces & Flails
  3275 | D:5      | !bestwep
  3580 | D:5      | Reached XP level 8. HP: 34/67 MP: 2/8
  4408 | D:5      | Found a basalt altar of Yredelemnul.
  4427 | D:5      | !bestwep
  4433 | D:5      | Reached skill level 6 in Fighting
  4764 | D:6      | Found a stormy altar of Qazlal.
  4926 | D:6      | !bestwep
  4978 | D:6      | Found Hapiofry's Jewellery Shoppe.
  5090 | D:6      | Reached skill level 5 in Armour
  5574 | D:7      | Reached XP level 9. HP: 71/75 MP: 7/9
  6077 | D:7      | Noticed Maggie
  6085 | D:7      | Killed Maggie
  6086 | D:7      | Reached skill level 7 in Fighting
  6439 | D:7      | Noticed Prince Ribbit
  6442 | D:7      | Killed Prince Ribbit
  6574 | D:8      | !bestwep
  7432 | D:8      | Reached **** piety under Trog
  7478 | D:8      | Found a shimmering altar of Xom.
  7515 | D:8      | Found a shimmering blue altar of Sif Muna.
  7545 | D:8      | Reached XP level 10. HP: 74/85 MP: 8/10
  7563 | D:8      | Noticed an orange demon
  7572 | D:8      | Killed an orange demon
  7573 | D:8      | Reached skill level 8 in Fighting
  7579 | D:8      | Reached skill level 10 in Maces & Flails
  7695 | D:8      | Found a snail-covered altar of Cheibriados.
  7750 | D:8      | Found a radiant altar of Vehumet.
  8516 | D:2      | Killed Sigmund
  8986 | D:2      | Killed Crazy Yiuf
  9265 | D:9      | !bestwep
  9565 | D:9      | !bestwep
  9612 | D:9      | Reached skill level 1 in Staves
  9764 | D:9      | Found an iron altar of Okawaru.
  9993 | D:9      | Found a burning altar of Makhleb.
 10522 | D:10     | Entered Level 10 of the Dungeon
 10626 | D:10     | Noticed a two-headed ogre
 10639 | D:10     | Killed a two-headed ogre
 10846 | D:10     | Noticed a two-headed ogre
 10854 | D:10     | Killed a two-headed ogre
 10855 | D:10     | Reached skill level 9 in Fighting
 10864 | D:10     | Found a sacrificial altar of Ru.
 10879 | D:10     | Noticed Maurice
 10883 | D:10     | Killed Maurice
 10884 | D:10     | Reached skill level 5 in Staves
 10884 | D:10     | Reached XP level 11. HP: 95/95 MP: 11/11
 10941 | D:10     | !bestwep
 11116 | D:10     | Found a shadowy altar of Dithmenos.
 11650 | D:10     | !bestwep
 12196 | D:11     | Found a staircase to the Lair.
 12546 | D:11     | Noticed a two-headed ogre
 12550 | D:11     | Killed a two-headed ogre
 12980 | D:11     | Noticed a two-headed ogre
 12984 | D:11     | Killed a two-headed ogre
 12985 | D:11     | Reached skill level 10 in Fighting
 13194 | Lair:1   | Entered Level 1 of the Lair of Beasts
 13636 | Lair:1   | Identified the +2 robe of Beogh's Envy {Harm Rampage Drain
                  | SInv}
 13918 | Lair:2   | Noticed a five-headed hydra
 13944 | Lair:2   | Killed a five-headed hydra
 14146 | Lair:2   | Found a transporter.
 14461 | Lair:2   | Reached XP level 12. HP: 97/104 MP: 10/12
 14695 | Lair:2   | Found a transporter.
 14718 | Lair:2   | Noticed Ekain06's ghost (journeyman MiFi)
 15664 | Lair:3   | Noticed a six-headed hydra
 15681 | Lair:3   | Killed a six-headed hydra
 15782 | Lair:3   | Reached skill level 10 in Staves
 16029 | Lair:3   | Noticed Snorg
 16041 | Lair:2   | Reached skill level 11 in Fighting
 16336 | Lair:3   | Killed Snorg
 16571 | Lair:3   | Found a staircase to the Snake Pit.
 16755 | Lair:3   | Found a staircase to the Swamp.
 17238 | Lair:4   | Noticed Sonja
 17239 | Lair:4   | !bestwep
 17285 | Lair:3   | HP: 5/107 [Sonja/+2 dagger of distortion (2)]
 18371 | D:12     | Noticed a six-headed hydra
 18371 | D:12     | Found Ylygrag's Changing Room.
 18379 | D:12     | Killed a six-headed hydra
 18380 | D:12     | Reached XP level 13. HP: 52/113 MP: 5/13
 18754 | D:12     | Reached ***** piety under Trog
 19088 | D:12     | !bestwep
 19503 | D:12     | Reached skill level 12 in Fighting
 19503 | D:12     | Reached skill level 10 in Armour
 19504 | D:12     | Noticed a frost giant
 19528 | D:12     | Killed a frost giant
 19740 | D:12     | !bestwep
 20162 | D:12     | Found a staircase to the Orcish Mines.
 20490 | Orc:1    | Entered Level 1 of the Orcish Mines
 20638 | Orc:2    | Entered Level 2 of the Orcish Mines
 21044 | Orc:2    | Found a staircase to the Elven Halls.
 21607 | Orc:2    | !bestwep
 22083 | D:4      | Bought the +9 scales of the Dragon King {rPois rF+ rC+
                  | Will+} for 1248 gold pieces
 22083 | D:4      | Found the +9 scales of the Dragon King {rPois rF+ rC+
                  | Will+}
 22390 | Orc:2    | Received a gift from Trog
 22425 | Orc:2    | Reached skill level 13 in Fighting
 22577 | Orc:2    | Reached skill level 1 in Bows
 22602 | Orc:2    | !bestwep
 22605 | Orc:2    | Found Wariet's Distillery.
 22605 | Orc:2    | Found Kaos's Magic Scroll Boutique.
 22609 | Orc:2    | Found Jimugous's Distillery.
 22609 | Orc:2    | Found Sidiod's Antique Armour Boutique.
 23389 | Orc:1    | Reached XP level 14. HP: 100/126 MP: 10/14
 23792 | Lair:2   | Killed Ekain06's ghost
 24036 | Lair:4   | Noticed Rupert
 24194 | Lair:4   | Killed Rupert
 24249 | Lair:4   | Noticed Inib's ghost (journeyman TrFi)
 24293 | Lair:4   | Found a runed translucent door.
 24354 | Lair:4   | Found a basalt altar of Yredelemnul.
 24932 | Lair:5   | Reached skill level 14 in Fighting
 24963 | Lair:5   | Found a gate leading to a gauntlet.
 24970 | Gauntlet | Entered a Gauntlet
 24970 | Gauntlet | Found a transporter.
 24980 | Gauntlet | Found a transporter.
 24994 | Gauntlet | Found a transporter.
 24999 | Gauntlet | Found a transporter.
 25014 | Gauntlet | Found a transporter.
 25033 | Gauntlet | Found a transporter.
 25063 | Gauntlet | Found a transporter.
 25072 | Gauntlet | Found a transporter.
 25080 | Gauntlet | Found a transporter.
 25080 | Gauntlet | Found a transporter.
 25095 | Gauntlet | Found a transporter.
 25107 | Gauntlet | Found a transporter.
 25112 | Gauntlet | Noticed a reaper
 25124 | Gauntlet | Found a transporter.
 25141 | Gauntlet | Found a transporter.
 25143 | Gauntlet | Found a transporter.
 25168 | Gauntlet | Found a transporter.
 25170 | Gauntlet | Found a transporter.
 25190 | Gauntlet | Found the +2 cloak of the Thief {*Fog Slay-2 SInv Stlth+}
 25192 | Gauntlet | Found a transporter.
 25510 | Gauntlet | Identified the +1 helmet of Zufaorast {rF+ Dex+4}
 26488 | Lair:5   | Found a runed translucent door.
 26488 | Lair:5   | Found a viscous altar of Jiyva.
 26488 | Lair:5   | Found a staircase to the Slime Pits.
 26625 | Lair:6   | Entered Level 6 of the Lair of Beasts
 27244 | Lair:6   | Reached skill level 15 in Fighting
 27438 | Lair:6   | Identified a scroll of acquirement
 27445 | Lair:6   | Acquired the +4 barding of Munkoorr {rCorr Str+2}
 27604 | Lair:6   | Found a runed translucent gate.
 27604 | Lair:6   | Noticed an acid blob
 27605 | Lair:6   | Found a runed translucent gate.
 27605 | Lair:6   | Found a runed translucent gate.
 27605 | Lair:6   | Noticed an acid blob
 27605 | Lair:6   | Noticed an acid blob
 27605 | Lair:6   | Noticed an acid blob
 27605 | Lair:6   | Noticed an azure jelly
 27605 | Lair:6   | Noticed an acid blob
 27605 | Lair:6   | Noticed an azure jelly
 27627 | Lair:6   | Noticed an acid blob
 27627 | Lair:6   | Noticed an acid blob
 27627 | Lair:6   | Noticed NigelTetley's ghost (journeyman DECj)
 27627 | Lair:6   | Noticed an acid blob
 27628 | Lair:6   | Noticed an acid blob
 27631 | Lair:6   | Found a viscous altar of Jiyva.
 27894 | Lair:6   | Noticed Nessos
 27919 | Lair:6   | Killed Nessos
 27923 | Lair:6   | !bestwep
 28181 | Lair:6   | Reached skill level 5 in Bows
 28419 | Lair:6   | Reached XP level 15. HP: 129/138 MP: 13/15
 28786 | Lair:6   | Found a corrupted altar of Lugonu.
 28786 | Lair:6   | Found a one-way gate to the infinite horrors of the Abyss.
 29275 | D:11     | Upgraded the game from 0.29-a0-222-g5b244fca1f to
                  | 0.29-a0-231-g945431f764
 29857 | D:13     | !bestwep
 30200 | D:13     | Reached skill level 1 in Evocations
 30348 | D:13     | Reached skill level 1 in Stealth
 30966 | D:13     | Reached skill level 16 in Fighting
 31053 | D:13     | Found a gate to the Vaults.
 31100 | D:13     | !wepdmg
 31100 | D:13     | !dmgwep
 31101 | D:13     | !checkdmg
 31102 | D:13     | !checkdmg
 31117 | D:14     | Received a gift from Trog
 31140 | D:14     | !bestwep
 31923 | D:14     | Found Qaduetint's Distillery.
 31931 | D:14     | Bought a potion of flight for 33 gold pieces
 31931 | D:14     | Bought a potion of heal wounds for 55 gold pieces
 31931 | D:14     | Bought a potion of haste for 110 gold pieces
 31931 | D:14     | Bought a potion of heal wounds for 55 gold pieces
 32612 | D:15     | Entered Level 15 of the Dungeon
 32993 | D:15     | Noticed Roxanne
 33175 | D:15     | Found a staircase to the Depths.
 33189 | D:15     | Reached XP level 16. HP: 146/148 MP: 14/16
 33265 | D:15     | Noticed Louise
 33296 | D:15     | Killed Louise
 33545 | D:15     | Killed Roxanne
 33756 | Snake:1  | Entered Level 1 of the Snake Pit
 33759 | Snake:1  | Received a gift from Trog
 34975 | Snake:1  | Noticed Kirke
 34982 | Snake:1  | Noticed a sphinx
 35004 | Snake:1  | Killed Kirke
 35230 | Snake:1  | Reached skill level 17 in Fighting
 35297 | Snake:1  | Noticed Aizul
 35316 | Snake:1  | Killed Aizul
 36662 | Snake:2  | Reached skill level 5 in Evocations
 37673 | Snake:3  | Reached ****** piety under Trog
 37809 | Snake:3  | Identified the +7 quarterstaff "Zichog" {vorpal, Fly Str+2
                  | Dex+3} (Trog gifted it to you on level 3 of the Snake Pit)
 37809 | Snake:3  | Received a gift from Trog
 37820 | Snake:3  | !bestwep
 37988 | Snake:3  | Found Sotsenye's Book Boutique.
 37988 | Snake:3  | Found Hoazxuos's Armour Shop.
 37989 | Snake:3  | Found Kedairph's Jewellery Shop.
 37991 | Snake:3  | Found Ubiuteamm's Weapon Boutique.
 38510 | Snake:4  | Entered Level 4 of the Snake Pit
 38537 | Snake:4  | Reached XP level 17. HP: 79/159 MP: 17/17
 38982 | Snake:4  | Reached skill level 18 in Fighting
 39342 | Snake:4  | Identified the +8 whip "Funni" {pain, Int+3}
 39932 | Snake:4  | Received a gift from Trog
 40299 | Snake:4  | Reached skill level 15 in Armour
 40664 | Snake:4  | Got a serpentine rune of Zot
 40891 | Swamp:1  | Entered Level 1 of the Swamp
 40909 | Swamp:1  | Noticed Mlioglotl
 40918 | Swamp:1  | Killed Mlioglotl
 41253 | Swamp:1  | Received a gift from Trog
 41538 | Swamp:2  | Noticed Donald
 41555 | Swamp:2  | Killed Donald
 41561 | Swamp:2  | Reached skill level 19 in Fighting
 41565 | Swamp:2  | Reached XP level 18. HP: 166/171 MP: 18/18
 42273 | Swamp:3  | Identified the +3 scale mail of Space {Regen+}
 42330 | Swamp:3  | Noticed Bai Suzhen
 42355 | Swamp:3  | Killed Bai Suzhen
 42550 | Swamp:4  | Entered Level 4 of the Swamp
 42693 | Swamp:4  | Received a gift from Trog
 43068 | Swamp:4  | Noticed the 27-headed Lernaean hydra
 43076 | Swamp:4  | Killed the 26-headed Lernaean hydra
 43089 | Swamp:4  | Got a decaying rune of Zot
 43112 | Swamp:4  | Identified the +2 ring mail of the Mackerel {Rampage Regen+
                  | Int+4 Slay-6}
 43626 | Depths:1 | Entered Level 1 of the Depths
 43952 | Depths:1 | Found a gateway to Hell.
 44095 | D:15     | Reached skill level 20 in Fighting
 44095 | D:15     | Reached skill level 10 in Bows
 44278 | Depths:1 | Received a gift from Trog
 44616 | Depths:1 | Noticed Mara
 44681 | Depths:1 | Noticed wakim's illusion
 44811 | Depths:1 | Noticed wakim's illusion
 44970 | Depths:1 | Noticed wakim's illusion
 44992 | Depths:1 | Noticed wakim's illusion
 44996 | Depths:1 | Killed Mara
 44997 | Depths:1 | Reached XP level 19. HP: 19/180 MP: 19/19
 45233 | Depths:1 | Found a one-way gateway to a ziggurat.
 45532 | Depths:2 | Identified the +0 pair of boots "Heethrel" {Fly Will+
                  | Str+4}
 45558 | Depths:2 | You fall into a shaft and drop 1 floor!
 45576 | Depths:3 | HP: 6/181 [spark wasp (12)]
 45577 | Depths:3 | Mangled by a spark wasp

Illustrated notes #### ##.. #####..####### #.....@>.)...# ...##..#####.## #.# ##.# #. #..# . #.## #. ##.# #.. . #..# #.. #. #####.## #.. #.....# Turn 1633 on D:3: !bestwep

#....#.......>....##.#...###.....
##........##.........#...##......
##.......##......##............#
#..........#...###...###......#
##.........##.......####......#
##.##.....<##..##...###.......#
##...#..........#.#....##.......
#............#.........##.......
#............#.@##..##..##......
##...................###....#...#
#..................#####....#....
...............<..###......##....
.........................####....
.....##...........#.......##.....
.....##...................##.....
......#.............##....##.....
.##..##......#.......##...#......


Turn 3001 on D:4: !bestwep ##......$..###..# ##...........)...>
###.........#...#... #..........###..###. #.........# ##.##.. ###....!..# ####.
# #....##...# #.. #.###.####.....# ..# #...@.# #####... . # #.....##.# ... .
....... ### .. .. #...#.. ... ##. .. ## . Turn 3275 on D:5: !bestwep
#.########............#..... #.# ####......#........ #.# ####...##....... #.#
#...##..#.... #.########### ##........##. #.8##.#.#.#.# #.....#####.
#.###'#'#'#†#+#+##..#### #. #..'............##.....#####
#####'#'#'#@#+#+#........... #.#.#_#.# #...#.....#. ######### ##.####.....
####....... #......... #......... #..#....#. #########. #. Turn 4427 on D:5:
!bestwep ### #.##. ##.####.##. #.).....### ######.###### #......# # #.####.### #
#.. #.# ##.#.## ## #....#####.###.....####. .......@..............+.
#....#####.###.....####. #.# #.###..#.## ## #......### # #####.## #.# #.# #.#
#.# Turn 4926 on D:6: !bestwep .# ... #..... #.# ##....>. ######.# #.......
#......###....... #................ ##.......###.....# ....# #.........)@.#
....# #.<.....)###.# ..... #.........#..##### ....# #..............o.###....#
#.............##.z..## ##............#####z.# #.......#....# ##.# ####...##....#
#.# #...........( #.z.# Turn 6574 on D:8: !bestwep #######################
..........#............ ..........#............ ..........#............
..........#............ ..........#......)..... ..........#.....@)#
..........#.......# ..........#.......# ..........#.......# ...##.....#..#..>.#
.. #.........#....# . #.........#....# #.........#....# #.........#....# Turn
9265 on D:9: !bestwep #........# #######........# ............... ..............
.............. ####............. ...######..######## ...#..............#
...#............@.# ...#..............# ..................# ...........########
...........#......# ...#.......#......# ...#.......#......# ...#.......#......#
...#.......#......# Turn 9565 on D:9: !bestwep ≈≈.... ≈≈.... ≈≈.... ≈≈..).
≈≈.... # #..yl#####.. # #@...... ...###### #.####.. ......... #.# ...##...# #.#
#####......# #.#####........... #................. #...##............
######....#........)... ..........#.......:.... Turn 10941 on D:10: !bestwep
#### # # # # ###### # #....# # #....############## #....#.............
#.@..#.############ #....#.......#..... #....#.......#.##.. #....#.............
#....#.........##.# #....#...#####.#... #............#..... #....#.#.#...#.#...
#....###.#...#.#.#. Turn 11650 on D:10: !bestwep #. ##.. #.... #..... ##..)...
##..).... ##.@...... #......... ###......... ##........... ###...........§
#.#........#.## ##..........### #..........## ##........#..# Turn 17239 on
Lair:4: !bestwep #.#§.∩.§#..# #.#§...§#..# #.#§§§§§#..# #.#######..#
#..........# #.#.....##.# ### #.@...<....# #.# ###.....#########.#
#........^...##.. #......##........ ######.##....##.. #.##....#... #..#...)..#.
##.....)###. ##.....###. Turn 19088 on D:12: !bestwep #.# ♣.. ..♣ .. #.#
♣.♣♣♣♣♣♣♣♣♣♣♣.♣ .. ##.# ♣.♣.........♣.♣ .♣ )..# ♣♣ ♣.♣.♣♣♣♣♣♣♣.♣.♣ .♣ ...# ♣.♣
♣.♣.# ##♣.♣.♣ .♣ ...#♣♣.♣♣#♣.♣.# .#♣.♣.♣#.♣♣♣♣# .......♣....♣.# .#♣.♣.........
...#...♣.#♣.♣.####.#♣.♣.♣#.♣♣♣♣# ...#.♣♣♣.#♣.♣..(@†.#♣.♣.♣ ..♣
...#.♣♣.♣#♣.♣♣♣♣♣♣♣♣♣.♣(♣ ...♣ ...#♣..♣♣ ♣...........♣.♣ .♣..♣ ...#♣♣.♣♣
♣♣♣♣♣♣♣♣♣♣♣♣♣.♣ .♣♣.C# ...# ♣♣.♣ ♣.).....♣ ♣. ♣.# ...# ♣.♣♣ ♣.♣♣♣♣♣♣♣ ...#######
#####.##### ####### .........# ♣.........♣♣♣#<....# ##########
..♣♣♣♣.♣♣♣♣..♣#.....# Turn 19740 on D:12: !bestwep .......# #......# ##......#
###....o..# ##.#.......# #....).##### #...#.)## ######)## ##.#..@.# #.#......##
#.....)...# ......)...### .........)#.# ......#).))## ### ..#..#....## ### ##.##
.....#.....# #.## ##..## ........#.#####.## ## Turn 21607 on Orc:2: !bestwep
#.....#..........##....#[[))###.. ##....#.#.........##..))[[<## ###
#....######...#.####.#..#)# #....# #..#.## #.#..##### ##.#### #.....# ###### #.#
#### ##.#.## #.# ### ###### ###.## #.# ##...### #.#..### .## ##...@..## ##......
..# ##...))...### ##....# .## #....##.....# #..... ## #####..)####....# ##.##.
##.##....# .....# ##... #.......## ÷....÷ ##.... # #.......# ...... #..... ##
##......# .°o... ##..... .## ##......# ÷..... ##...... Turn 22602 on Orc:2:
!bestwep ≈≈≈≈......... ≈≈≈........##.. ≈≈≈..FS....P#.. ...............
.....####.....###### #P..######..##.....# ##..†.#§§§.§......#
....†.§§§§....§§§.# .....§§§§.......@.# .(P..§§§§§§....§§## ..P.§§§§§§........#
.(P..§§§§§§......## .......§.§§......# ........§.......#.# ............P....##
#..........##.#### .#........## ## Turn 27923 on Lair:6: !bestwep
#......#####.## #......#....... #......#....... #......+.......
########......#+###... #.............#..##... #.............#.......
#.............'....... #....@........#..#.... #.............####....
########.............# #.### #....................# ### # #............).....?.#
#. #....................# #. #....................# ## #....................#
#.....>..............# Turn 29857 on D:13: !bestwep
..#.......####.....##'##...###'## ..#.......#..#.........#.........
..########...#.........#......... ......# #...######....#.........
..###.#####..##...#....#......... ..................#....#...##'###
≈≈≈.....≈≈≈≈.##...#....#...#..... ≈≈≈≈...≈≈≈≈≈≈.#...#........#.....
≈≈≈≈...≈≈≈≈≈≈≈..@.##########..... ≈≈≈≈...≈≈≈≈≈≈≈.....# #.....
.###'''###.)###...## #..... .# #...# #...##.### #..... .# #.).# #...#.## #.....
.# #.).# #...### ##'### ####)#.####'## #..... ....)........# #.....
....).)......# ###### Turn 31100 on D:13: !wepdmg
...#.......####.....##'##...###'# ...#.......#..#.........#........
...########...#.........#........ .......# #...######....#........
...###.#####..##...#....#........ ...................#....#...##'##
≈≈≈≈.....≈≈≈≈.##...#....#...#.... ≈≈≈≈≈...≈≈≈≈≈≈.#...#........#....
≈≈≈≈≈...≈≈≈≈≈≈≈.@..##########.... ≈≈≈≈≈...≈≈≈≈≈≈≈.....# #....
).###'''###.)###...## #.... ..# #...# #...##.### #.... ).# #.).# #...#.## #....
..# #.).# #...### ##'## '####)#.####'## #.... .....)........# #....
.....).)......# ##### Turn 31101 on D:13: !checkdmg
...#.......####.....##'##...###'# ...#.......#..#.........#........
...########...#.........#........ .......# #...######....#........
...###.#####..##...#....#........ ...................#....#...##'##
≈≈≈≈.....≈≈≈≈.##...#....#...#.... ≈≈≈≈≈...≈≈≈≈≈≈.#...#........#....
≈≈≈≈≈...≈≈≈≈≈≈≈.@..##########.... ≈≈≈≈≈...≈≈≈≈≈≈≈.....# #....
).###'''###.)###...## #.... ..# #...# #...##.### #.... ).# #.).# #...#.## #....
..# #.).# #...### ##'## '####)#.####'## #.... .....)........# #....
.....).)......# ##### Turn 31102 on D:13: !checkdmg #### ## # ####..##.#
..#.#.#..#.#### .........<..#.## ..........###..#### ........@..#.......
......○.#.......... ......§###......... ....... #.##...... ....... #.## #.....
....... ## .#.>. ....... # .# ....... . .#....# Turn 31140 on D:14: !bestwep
.........##..## ..............# # .........##...# ##. #######.###...# .... #.#
#...# .....#########.# #...# ...............###...# ......).)............#
###.§####@.).######..## # #....# ......# # ####....###......####
......†............... .................##### ................## #
.###...#####...## # #...# #### #.... Turn 37820 on Snake:3: !bestwep

Levels and vault maps discovered:
D:1:      amcnicky_arrival_double_pillar, layout_rooms,
          chequers_ecumenical_altar_lobes
D:2:      layout_basic, uniq_crazy_yiuf_cottage, uniq_jessica, uniq_sigmund
D:3:      layout_rooms, old_standard_altar, minmay_misc_feat_ornament
D:4:      layout_cave_pools, nicolae_overflow_hidden_temple, serial_shops,
          nicolae_shop_advertising_works [nicolae_subvault_shop_adworks],
          portal_sewer_entry_f, serial_bayou_lagoon_a, uniq_blork_the_orc
D:5:      layout_cave_pools, lemuel_mausoleum_altar_yredelemnul,
          overflow_temple_1_default, minmay_temple_entry_waves,
          grunt_ministairs_1, uniq_edmund
D:6:      layout_loops_corners, lemuel_coloured_pillars_altar, serial_shops,
          kennysheep_mini
D:7:      layout_gridville, kennysheep_dice, uniq_prince_ribbit1, uniq_maggie
D:8:      layout_rooms, mainiacjoe_overflow_surrounded_room, old_standard_altar,
          lemuel_tele_altar, xom_teletrap_fun, serial_undead, serial_undead_e,
          serial_undead_f, serial_undead_a, serial_undead_b, serial_undead_a,
          uniq_amaemon
D:9:      layout_grid_maze, mainiacjoe_overflow_alcove_2,
          mainiacjoe_overflow_brackets
D:10:     layout_basic, kennysheep_little_box, hangedman_ru_absence,
          serial_aquarium, aquarium_bridge_long_joined
          [aquarium_subvault_balcony, aquarium_subvault_bridge,
          aquarium_subvault_window, aquarium_subvault_bridge,
          aquarium_subvault_bridge, aquarium_subvault_wall],
          aquarium_window_fake, aquarium_window_2, aquarium_window_corner,
          aquarium_view_2d, aquarium_balcony_1b, aquarium_pool_corner,
          uniq_maurice
D:11:     layout_loops_corners, david_lair_generic
D:12:     nzn_winding_woodlands_cross [nzn_winding_woodlands_5x15_pockets,
          nzn_winding_woodlands_5x15_longhouse, nzn_winding_woodlands_5x15_eye,
          nzn_winding_woodlands_5x15_crooked,
          nzn_winding_woodlands_15x15_boxy_spiral], layout_rooms,
          nicolae_transmutations_shop
D:13:     kennysheep_scales, layout_gridville, grunt_vaults_entry_fortified
D:14:     layout_big_octagon, serial_shops, shop, lemuel_flamethrower_3
D:15:     grunt_enter_depths_magical_seal, layout_basic, solitary_fountain,
          dk_noncrumbling_2, minivault_1, st_stairs_8, uniq_louise, uniq_roxanne
Lair:1:   layout_long_grid
Lair:2:   layout_regular_city, gammafunk_ghost_berserking_beasts,
          nicolae_lair_grove_arrangements
Lair:3:   layout_regular_city, swamp_mist, guppyfry_snake_entry_garden,
          st_stairs_11, grunt_megastairs_5, uniq_snorg
Lair:4:   lemuel_reptile_caves, layout_hall_layers, basic_altar,
          hellmonk_ghost_happy_afterlife, infiniplex_staircase_pool_2,
          uniq_sonja, uniq_rupert
Lair:5:   layout_long_grid, slime_altar_2, gauntlet_entry_generic,
          minmay_lair_oklob_items, grunt_megastairs_2
Lair:6:   hellmonk_lair_end_abyssal_woods, layout_cave_pods,
          gammafunk_ghost_ooze, grunt_megastairs_3, infiniplex_staircase_pool,
          serial_bayou_shore_b, lemuel_fruit_tree, uniq_nessos
Swamp:1:  layout_basic_swamp, evilmike_swamp_ruin_house_1, uniq_mlioglotl
Swamp:2:  layout_basic_swamp, nicolae_swamp_decorative_isthmus, uniq_donald
Swamp:3:  layout_falls_marsh, nicolae_swamp_round_clearing, uniq_bai_suzhen
Swamp:4:  grunt_swamp_rune_castle, layout_basic_swamp
Snake:1:  layout_grid_maze, grunt_megastairs_1, uniq_kirke, uniq_aizul
Snake:2:  layout_misc_corridors
Snake:3:  layout_gridlike, minmay_shoptagon
Snake:4:  snake_pit_salamanders_mu, layout_concentric_octagons,
          grunt_ministairs_15
Orc:1:    layout_caves, basic_altar
Orc:2:    grunt_orc_tribal_feast, layout_diamond_mine, kennysheep_orc_chapel
Depths:1: layout_cave_pools, enter_ziggurat_a, hell_entry,
          hangedman_decor_clover_reticule, kennysheep_generic_room_8,
          firewood_loft, uniq_mara
Depths:2: minmay_the_grid_triangle_9x9_line_8_mashed
          [minmay_the_grid_triangle_9x9_checkered,
          minmay_the_grid_triangle_9x9_impossible_snake,
          minmay_the_grid_triangle_9x9_dagger,
          minmay_the_grid_triangle_9x9_empty,
          minmay_the_grid_triangle_9x9_swiss_cheese,
          minmay_the_grid_triangle_9x9_windchime,
          minmay_the_grid_triangle_9x9_thin_v,
          minmay_the_grid_triangle_9x9_prize_center], layout_gridlike,
          grunt_hell_horde, small_statue_intersection, grunt_pan_entry_sceptre,
          mu_enter_wizlab_4, infiniplex_staircase_zigzag_4, uniq_josephina,
          uniq_enchantress
Depths:3: gammafunk_jiyva_shrine, layout_basic, abyss_entry, hell_entry,
          grunt_megastairs_4, minmay_staircase_statues, uniq_margery

Skill      XL: |  1  2  3  4  5  6  7  8  9 10 11 12 13 14 15 16 17 18 |
---------------+-------------------------------------------------------+-----
Armour         | 2 3 4 5 6 7 8 9 11 12 13 14 15 16 | 16.7
Dodging        | 2 3 4 |  4.1
Fighting       | 4 5 6 7 9 10 11 13 15 16 17 19 20 | 20.3
Maces & Flails | 4 5 7 9 10 | 10.4
Staves         | 5 8 11 12 | 12.4
Bows           | 1 5 6 8 9 10 | 10.3
Evocations     | 3 5 7 8 |  8.0
Stealth        | 2 |  2.1

Action                   |  1- 3 |  4- 6 |  7- 9 | 10-12 | 13-15 | 16-18 | 19-21 || total
-------------------------+-------+-------+-------+-------+-------+-------+-------++-------
Melee: Mace              |    67 |    62 |       |       |       |       |       ||   129
       Tailslap          |     4 |    20 |    37 |    79 |   211 |   302 |    14 ||   667
       Punch             |     1 |     2 |     3 |     1 |       |       |       ||     7
       Flail             |       |   128 |   321 |   123 |     7 |       |       ||   579
       Whip              |       |       |     6 |       |       |       |       ||     6
       Lajatang          |       |       |       |   521 |   497 |    84 |    16 ||  1118
       Quarterstaff      |       |       |       |       |   639 |  1417 |    34 ||  2090
 Fire: Shortbow          |       |       |       |     2 |       |       |       ||     2
       Longbow           |       |       |       |       |    33 |     8 |       ||    41
Invok: Berserk           |       |     4 |     4 |     8 |     6 |     4 |       ||    26
       Trog's Hand       |       |     4 |     3 |     7 |    13 |    11 |       ||    38
       Brothers in Arms  |       |       |       |       |       |     2 |       ||     2
 Abil: Rolling Charge    |    20 |    28 |    38 |    73 |   103 |   170 |     4 ||   436
Evoke: Wand              |       |       |       |     1 |     1 |       |       ||     2
  Use: Scroll            |       |     4 |    12 |    12 |     5 |     2 |     2 ||    37
       Potion            |       |       |       |     1 |       |     3 |     3 ||     7
 Stab: Betrayed ally     |       |       |       |     1 |       |       |       ||     1
       Petrified         |       |       |       |       |    10 |       |       ||    10
       Distracted        |       |       |       |       |    10 |    41 |       ||    51
       Invisible         |       |       |       |       |     3 |       |     1 ||     4
Armor: Animal skin       |     7 |       |       |       |       |       |       ||     7
       Chain mail        |    20 |   173 |    25 |       |       |       |       ||   218
       Scale mail        |       |       |   164 |   278 |   124 |       |       ||   566
       Gold dragon scale |       |       |       |       |   500 |  1265 |    55 ||  1820
Dodge: Dodged            |    19 |    75 |   140 |   355 |   280 |   410 |    12 ||  1291
Block: Other             |       |       |       |       |     3 |       |       ||     3
       Reflection        |       |       |       |       |     3 |       |       ||     3

Table legend: (Time is in decaauts)
 A = Elapsed time spent in this place.
 B = Non-inter-level travel time spent in this place.
 C = Inter-level travel time spent in this place.
 D = Time resting spent in this place.
 E = Time spent auto-exploring this place.
 F = Levels seen in this place.
 G = Mean time per level.
                   A        B        C        D        E       F      G
               +--------+--------+--------+--------+--------+-----+--------+
         Total |  45344 |  40767 |   4577 |   6224 |  25661 |  36 | 1259.6 |
       Dungeon |  21906 |  19156 |   2750 |   3430 |  11884 |  15 | 1460.4 |
          Lair |   9774 |   8935 |    839 |   1394 |   5993 |   6 | 1629.0 |
         Swamp |   2635 |   2455 |    180 |    224 |   1581 |   4 |  658.8 |
     Snake Pit |   6131 |   5637 |    494 |    662 |   3318 |   4 | 1532.8 |
  Orcish Mines |   2639 |   2346 |    293 |    458 |   1438 |   2 | 1319.5 |
        Depths |   1152 |   1134 |     18 |      0 |    742 |   3 |  384.0 |
         Sewer |    306 |    306 |      0 |     55 |    137 |   1 |  306.0 |
      Gauntlet |    796 |    796 |      0 |      0 |    566 |   1 |  796.0 |
               +--------+--------+--------+--------+--------+-----+--------+

Top non-repeatable levels by time:
    D:11: 2476 daAuts
  Lair:6: 2362 daAuts
    D:13: 2335 daAuts
  Lair:2: 2296 daAuts
  Lair:3: 2281 daAuts
 Snake:4: 2114 daAuts
   Orc:2: 2037 daAuts
     D:7: 1891 daAuts
    D:12: 1861 daAuts
    D:15: 1709 daAuts
     D:5: 1665 daAuts
     D:9: 1607 daAuts
 Snake:1: 1485 daAuts
     D:2: 1455 daAuts
 Snake:2: 1437 daAuts
